 Dungeon Crawl Stone Soup version 0.19.1-1-g22dce08 (webtiles) character file.

46 M4edhros the Grave Robber (level 3, -1/21 HPs)
             Began as an Octopode Necromancer on Jan 3, 2017.
             Slain by Lennu's ghost (4 damage)
             ... on level 3 of the Dungeon.
             The game lasted 00:02:18 (561 turns).

M4edhros the Grave Robber (Octopode Necromancer)     Turns: 561, Time: 00:02:18

Health: -1/21      AC:  1    Str: 12    XL:     3   Next: 68%
Magic:  0/6        EV: 13    Int: 17    God:
Gold:   67         SH:  0    Dex: 13    Spells: 3 memorised, 1 level left

rFire  . . .     SeeInvis .       - Unarmed
rCold  . . .     Gourm    .     (no shield)
rNeg   . . .     Faith    .     (helmet restricted)
rPois  .         Spirit   .     (no amulet)
rElec  .         Reflect  .     (no ring)
rCorr  .         Harm     .     (no ring)
MR     .....                    (no ring)
Stlth  +++.......               (no ring)
                                (no ring)
                                (no ring)
                                (no ring)
                                (no ring)

@: mighty, very slightly contaminated, regenerating
A: almost no armour, stealthy swim, amphibious, 8 rings, constrict 8, camouflage
1, gelatinous body 1
a: no special abilities


You were on level 3 of the Dungeon.
You were not hungry.

You visited 1 branch of the dungeon, and saw 3 of its levels.

You collected 67 gold pieces.

Inventory:

Scrolls
 c - 2 scrolls of identify
 e - a scroll of remove curse
Potions
 f - a potion of might
Books
 a - a book of Necromancy

   Spells                             Type                      Level
   a - Pain                           Necromancy                   1
   b - Animate Skeleton               Necromancy                   1
   c - Vampiric Draining              Necromancy                   3
   d - Regeneration                   Charms/Necromancy            3
   e - Animate Dead                   Necromancy                   4
   f - Control Undead                 Necromancy                   4
Comestibles
 b - 2 bread rations
 d - 2 chunks of flesh


   Skills:
 - Level 2.0 Dodging
 - Level 2.6 Stealth
 + Level 3.2 Unarmed Combat
 - Level 2.0 Spellcasting
 - Level 4.0 Necromancy


You had one spell level left.
You knew the following spells:

 Your Spells              Type           Power        Failure   Level  Hunger
a - Pain                  Necr           ###.         3%          1    #......
b - Animate Skeleton      Necr           N/A          3%          1    #......
c - Regeneration          Chrm/Necr      #.........   24%         3    ###....


Dungeon Overview and Level Annotations

Branches:
Dungeon (3/15)

Altars:
Elyvilon

Annotations:
D:3 Lennu's ghost, amateur OgMo


Innate Abilities, Weirdness & Mutations

You cannot wear most types of armour.
You are very stealthy in the water. (Stealth+)
You are amphibious.
You can wear up to eight rings at the same time.
You can use your tentacles to constrict eight enemies at once.
Your skin changes colour to match your surroundings (Stealth+).
Your rubbery body absorbs attacks. (AC +1, EV +1)


Message History

You bludgeon Lennu's ghost! Your squeeze misses Lennu's ghost.
Lennu's ghost is heavily damaged.
Lennu's ghost crushes a nearby insect and laughs.
Lennu's ghost hits you.
You closely miss Lennu's ghost.
Lennu's ghost is heavily damaged.
Lennu's ghost barely misses you.
You barely miss Lennu's ghost.
Lennu's ghost is heavily damaged.
Lennu's ghost closely misses you.
Casting: Regeneration
Confirm with . or Enter, or press ? or * to list all spells.
You miscast Regeneration.
You are very lightly contaminated with residual magic.
Waves of light ripple over your body. Lennu's ghost hits you!
* * * LOW HITPOINT WARNING * * *
Casting: Regeneration
Confirm with . or Enter, or press ? or * to list all spells.
Your skin crawls.
Lennu's ghost hits you.
You die...

#.##.##.#######................
#. #.##.# #..........[..... #
#.##.# #................
###.##.# #................
#......# #................
#.###### #.............##. #.#
##### ###.############ #.#
#...# #>W........ #.###...#
#@######### ###.......# #.#
#....##...# #.. #....##...#
#### #....##...# #....+....#
#....##...# #....##...#
######... ####....<.##
#........


You could see Lennu's ghost.

Vanquished Creatures
  An adder (D:3)
  2 oozes
  A dart slug (D:1)
  2 leopard geckos
  A giant cockroach (D:3)
  4 goblins
  4 hobgoblins
  2 jackals (D:3)
  A quokka (D:2)
  A ball python (D:1)
  2 bats (D:3)
  3 rats
24 creatures vanquished.

Notes
Turn   | Place    | Note
-------+----------+-------------------------------------------
     0 | D:1      | M4edhros the Octopode Necromancer began the quest for the Orb.
     0 | D:1      | Reached XP level 1. HP: 11/11 MP: 3/3
     2 | D:1      | Noticed an elf
     4 | D:1      | Noticed a spriggan
     4 | D:1      | Noticed a centaur
     6 | D:1      | Noticed a vine stalker
     8 | D:1      | Noticed a human
     8 | D:1      | Noticed a minotaur
    10 | D:1      | Noticed a demonspawn
    10 | D:1      | Noticed a troll
    12 | D:1      | Noticed a felid
    12 | D:1      | Noticed an octopode
    14 | D:1      | Noticed a merfolk
    14 | D:1      | Noticed a gargoyle
    16 | D:1      | Noticed a vampire
    18 | D:1      | Noticed a ghoul
    18 | D:1      | Noticed a dwarf
    20 | D:1      | Noticed a halfling
    20 | D:1      | Noticed a draconian
    22 | D:1      | Noticed a demigod
    24 | D:1      | Noticed an ogre
    24 | D:1      | Noticed a tengu
    26 | D:1      | Noticed a formicid
    26 | D:1      | Noticed a naga
    88 | D:1      | Reached skill level 1 in Unarmed Combat
   106 | D:1      | Reached XP level 2. HP: 14/17 MP: 5/5
   332 | D:2      | Found a white marble altar of Elyvilon.
   428 | D:3      | Reached XP level 3. HP: 6/21 MP: 3/6
   434 | D:3      | Learned a level 1 spell: Animate Skeleton
   438 | D:3      | Learned a level 3 spell: Regeneration
   542 | D:3      | Noticed Lennu's ghost (amateur OgMo)
   561 | D:3      | Slain by Lennu's ghost

Skill      XL: |  1  2  3 |
---------------+----------+-----
Unarmed Combat | 1 2 3 |  3.2
Dodging        | |  2.0
Stealth        | |  2.6
Spellcasting   | |  2.0
Necromancy     | |  4.0

Action                   || total
-------------------------++-------
Melee: Unarmed           ||    51
       Constrict         ||    10
       Tentacles         ||     7
 Cast: Pain              ||    12
       Regeneration      ||     3
  Use: Scroll            ||     2
       Potion            ||     1
 Stab: Sleeping          ||     4
Armor: Skin              ||     1
Dodge: Dodged            ||    31
